 Dungeon Crawl Stone Soup version 0.21-a0-213-gae198ad (webtiles) character file.

357 Leibowitz the Cutter (level 6, -5/37 HPs)
             Began as a Kobold Gladiator on Aug 22, 2017.
             Was an Initiate of Trog.
             Slain by an unseen horror (7 damage)
             ... on level 5 of the Dungeon.
             The game lasted 00:08:44 (3361 turns).

Leibowitz the Cutter (Kobold Gladiator)             Turns: 3361, Time: 00:08:45

Health: -5/37      AC:  6    Str: 15    XL:     6   Next: 96%
Magic:  15/15      EV: 17    Int: 13    God:    Trog [......]
Gold:   169        SH:  5    Dex: 19    Spells: 5/5 levels left

rFire    . . .     SeeInvis .   a - +3 dagger of Offence {vamp, rPois rN+ Str+4 Int+4}
rCold    . . .     Gourm    .   g - +0 buckler
rNeg     + . .     Faith    .   b - +0 leather armour
rPois    +         Spirit   .   c - +0 helmet
rElec    .         Reflect  .   (no cloak)
rCorr    .         Harm     .   y - +1 pair of gloves
MR       .....                  (no boots)
Stlth    +++.......             (no amulet)
HPRegen  0.12/turn              l - ring of magical power
MPRegen  0.14/turn              (no ring)

@: no status effects
A: carnivore 3
a: Burn Spellbooks, Renounce Religion


You were on level 5 of the Dungeon.
You worshipped Trog.
Trog was noncommittal.
You were completely stuffed.

You visited 2 branches of the dungeon, and saw 6 of its levels.

You collected 169 gold pieces.

Inventory:

Hand Weapons
 a - the +3 dagger of Offence (weapon) {vamp, rPois rN+ Str+4 Int+4}
   (You found it on level 4 of the Dungeon)

   It inflicts no extra harm, but heals its wielder when it wounds a living foe.
   It affects your strength (+4).
   It affects your intelligence (+4).
   It protects you from poison.
   It protects you from negative energy.
Missiles
 d - a throwing net (quivered)
 k - 26 poisoned needles
 v - 5 needles of paralysis
Armour
 b - a +0 leather armour (worn)
 c - a +0 helmet (worn)
 g - a +0 buckler (worn)
 y - a +1 pair of gloves (worn)
Jewellery
 l - a ring of magical power (left hand)
Wands
 t - a wand of digging (21/24)
Scrolls
 e - 3 scrolls of recharging {unknown}
 i - a scroll of enchant armour {unknown}
 j - 4 scrolls of identify {unknown}
 m - a scroll of amnesia {unknown}
 n - a scroll of fog {unknown}
 q - a scroll of remove curse {unknown}
Potions
 h - a potion of flight {unknown}
 o - 2 potions of curing {unknown}
 p - a potion of haste {unknown}
 r - 3 potions of lignification {unknown}
 s - a potion of cancellation {unknown}
Books
 w - a book of Callings

   Spells                             Type                      Level
   a - Summon Small Mammal            Summoning                    1
   b - Call Imp                       Summoning                    2
   c - Call Canine Familiar           Summoning                    3
   d - Summon Guardian Golem          Hexes/Summoning              3
   e - Summon Lightning Spire         Summoning/Air                4
   f - Summon Ice Beast               Ice/Summoning                4
   Trog disapproves of the use of such an item.
Comestibles
 f - 2 meat rations
 u - 2 royal jellies
 x - 4 chunks of flesh


   Skills:
 * Level 3.1 Fighting
 * Level 6.5 Short Blades
 - Level 2.1 Throwing
 + Level 0.5 Armour
 * Level 4.6 Dodging
 * Level 4.4 Stealth
 * Level 1.4 Shields


You had 5 spell levels left.
You didn't know any spells.

Dungeon Overview and Level Annotations

Branches:
Dungeon (5/15)             Temple (1/1) D:4

Altars:
Elyvilon
Fedhas
Gozag
Hepliaklqana
Makhleb
Okawaru
Qazlal
Ru
Sif Muna
Trog
Vehumet
Wu Jian
Xom
Yredelemnul
The Shining One
Lugonu

Shops:
D:4 ?}(


Innate Abilities, Weirdness & Mutations

You are small and have problems with some larger weapons.
You are carnivorous and can eat meat at any time.


Message History

Found 22 sling bullets and a fizzy white potion.
You now have 169 gold pieces (gained 4).
p - a fizzy white potion Something hits you!
Deactivating autopickup; reactivate with Ctrl-A.
You miss something. Something hits you! Something hits you.
You hit something. Something hits you.
* * * LOW HITPOINT WARNING * * *
Okay, then.
Throwing (i - inventory):
d - 3 throwing nets (quivered)
Press: ? - help, Shift-Dir - straight line You throw a throwing net.
Something hits you!
* * * LOW HITPOINT WARNING * * *
Throwing (i - inventory):
d - 2 throwing nets (quivered)
Press: ? - help, Shift-Dir - straight line You throw a throwing net.
Something gets caught in the net!
Something wriggles in the net. x2; All of a sudden the net rips apart!
Something hits you!
You die...

. ##. ...#
..## ...# #..
#.#### #({@.#
#..#####.#####
#...........#
#######..##..#
##.# .. #.####
#....####
####....##
####..##


There were no monsters in sight!

Vanquished Creatures
  An eye of draining (D:3)
  A scorpion (D:4)
  A hound (D:4)
  2 worker ants (D:4)
  4 adders
  2 oozes
  3 worms
  2 leopard geckos (D:1)
  7 orcs
  3 ball pythons
  7 bats
  9 hobgoblins
  2 quokkas (D:3)
  7 frilled lizards
  13 goblins
  14 kobolds
  A leopard gecko skeleton (D:4)
  8 rats
87 creatures vanquished.

Notes
Turn   | Place    | Note
-------+----------+-------------------------------------------
     0 | D:1      | Leibowitz the Kobold Gladiator began the quest for the Orb.
     0 | D:1      | Reached XP level 1. HP: 12/12 MP: 1/1
    79 | D:1      | Reached skill level 1 in Stealth
    91 | D:1      | Reached XP level 2. HP: 17/17 MP: 2/2
   491 | D:1      | Reached XP level 3. HP: 13/21 MP: 3/3
  1147 | D:2      | Found a faded altar of an unknown god.
  1180 | D:2      | Reached XP level 4. HP: 26/27 MP: 4/4
  1189 | D:2      | Found a burning altar of Makhleb.
  1238 | D:2      | Found a radiant altar of Vehumet.
  1825 | D:3      | Reached skill level 5 in Short Blades
  2009 | D:3      | Found a deep blue altar of Sif Muna.
  2152 | D:3      | Found an opulent altar of Gozag.
  2260 | D:3      | Reached XP level 5. HP: 31/31 MP: 5/5
  2318 | D:3      | Found a bloodstained altar of Trog.
  2319 | D:3      | Noticed an eye of draining
  2351 | D:3      | Killed an eye of draining
  2351 | D:3      | Reached skill level 6 in Short Blades
  2351 | D:3      | Reached skill level 1 in Shields
  2351 | D:3      | Reached XP level 6. HP: 36/36 MP: 1/6
  2356 | D:3      | Became a worshipper of Trog the Wrathful
  2668 | D:4      | Found an iron altar of Okawaru.
  2705 | D:4      | Found Reostrama's Magic Scroll Shop.
  2744 | D:4      | Got an ebony dagger
  2745 | D:4      | Identified the +3 dagger of Offence {vamp, rPois rN+ Str+4 Int+4} (You found it on level 4 of the Dungeon)
  2965 | D:4      | Found a stormy altar of Qazlal.
  3052 | D:4      | Found Kanaf's Gadget Shop.
  3158 | D:4      | Found Deheivocwo's Weapon Boutique.
  3206 | D:4      | Found a staircase to the Ecumenical Temple.
  3229 | Temple   | Entered the Ecumenical Temple
  3312 | D:5      | Entered Level 5 of the Dungeon
  3361 | D:5      | Slain by an unseen horror

Vault maps used:
D:1:      saegor_arrival_simple_a, minmay_tetromino_t2
D:2:      marbit_many_paths, vehumet_crystals, chequers_ecumenical_altar_simple
D:3:      grunt_gozag_breadcrumbs, led_sif_pool, trog_eyes_of_draining
D:4:      corexii_shack_village, okawaru_gym_becter,
          minmay_temple_entry_poolview, serial_shops,
          nicolae_shop_window_shopping, shop, shop,
          nicolae_qazlal_general_emergency
D:5:      old_forge, zin_scriptorium, first_bread, portal_sewer_entry_f
Temple:   corrupted_temple

Skill      XL: |  1  2  3  4  5  6 |
---------------+-------------------+-----
Stealth        | 1 2 3 4 |  4.4
Dodging        | 4 |  4.6
Short Blades   | 5 6 |  6.5
Shields        | 1 |  1.4
Fighting       | 3 |  3.1
Throwing       | |  2.1
Armour         | |  0.5

Action                   |  1- 3 |  4- 6 || total
-------------------------+-------+-------++-------
Melee: Rapier            |    35 |       ||    35
       Short sword       |    65 |   123 ||   188
       Dagger            |       |    62 ||    62
Throw: Throwing net      |       |     2 ||     2
Invok: Burn Spellbooks   |       |     1 ||     1
 Stab: Sleeping          |     3 |    16 ||    19
  Eat: Chunk             |     6 |    15 ||    21
Armor: Leather armour    |     8 |    21 ||    29
Dodge: Dodged            |    46 |    69 ||   115
Block: Buckler           |    19 |    21 ||    40

Table legend:
 A = Spawn XP
 B = Non-spawn XP
 C = Spawn XP percentage of total XP
 D = Spawn monster count
 E = Non-spawn monster count
 F = Spawn count percentage of total count
 G = Total turns spent on level
                    A         B        C        D         E        F      G
               +---------+---------+-------+---------+---------+-------+---------
         Total |       8 |     503 |   1.6 |       6 |      81 |   6.9 |  3361
               +---------+---------+-------+---------+---------+-------+---------
           D:1 |       5 |      30 |  14.3 |       4 |      18 |  18.2 |   840
           D:2 |       3 |      46 |   6.1 |       2 |      19 |   9.5 |   927
           D:3 |       0 |     196 |   0.0 |       0 |      22 |   0.0 |   775
           D:4 |       0 |     231 |   0.0 |       0 |      22 |   0.0 |   729
               +---------+---------+-------+---------+---------+-------+---------
